 Dungeon Crawl Stone Soup version 0.31-a0-152-g6aa68a64a1 (webtiles) character file.

Game seed: 6786423760483091923

67 qw the Chopper (level 4, -2/28 HPs)
             Began as a Gargoyle Fighter on June 10, 2023.
             Slain by a gnoll
             ... wielding a +0 flail
              (10 damage)
             ... on level 2 of the Dungeon.
             The game lasted 00:00:41 (935 turns).

qw the Chopper (Gargoyle Fighter)                    Turns: 935, Time: 00:00:41

Health: -2/28      AC: 15    Str: 22    XL:     4   Next: 16%
Magic:  4/4        EV:  8    Int:  8    God:
Gold:   53         SH:  4    Dex:  9    Spells: 3/3 levels left

rFire   + . .        Y - +0 war axe
rCold   . . .        c - +0 buckler
rNeg    + . .        k - +2 chain mail {rF+}
rPois   inf          (no helmet)
rElec   +            j - +0 cloak
rCorr   .            (no gloves)
SInv    .            (no boots)
Will    +....        (no amulet) Stlth
                     e - ring of willpower
HPRegen 0.24/turn    (no ring)
MPRegen 0.09/turn

%: no passive effects
@: about to teleport
A: sickness immunity, AC +3, negative energy resistance 1, electricity
resistance, torment resistance 1, petrification resistance
a: no special abilities


You were on level 2 of the Dungeon.
You visited 1 branch of the dungeon, and saw 2 of its levels.

You collected 53 gold pieces.


Innate Abilities, Weirdness & Mutations

You are immune to sickness and miasma.
Your stone body is resilient. (AC +3)
You are immune to poison.
You resist negative energy. (rN+)
You are resistant to electric shocks. (rElec)
You are resistant to unholy torment.
You are immune to petrification.


   Skills:
 - Level 3.2 Fighting
 + Level 3.9 Axes
 - Level 3.2 Armour
 - Level 3.2 Shields


You had 3 spell levels left.
You didn't know any spells.
Your spell library was empty.

Inventory:

Hand Weapons
 i - a +0 whip
 Y - a +0 war axe (weapon)
Armour
 c - a +0 buckler (worn)
 j - a +0 cloak (worn)
 k - a +2 chain mail of fire resistance (worn)
Jewellery
 e - a ring of willpower (left hand)
Potions
 d - a potion of might

Dungeon Overview and Level Annotations

Branches:
Dungeon (2/15)

Altars:


Message History

You hit the gnoll.
The gnoll is heavily wounded.
You closely miss the quokka.
The quokka bites you but does no damage. x2
You hit the gnoll.
The gnoll is almost dead.
You hit the quokka. You block the gnoll's attack.
The quokka bites you but does no damage.
The gnoll hits you with a +4 flail of draining.
The gnoll hits you but does no damage.
You closely miss the gnoll.
The gnoll is almost dead.
You closely miss the quokka. You closely miss the gnoll. The quokka bites you.
The gnoll closely misses you. The gnoll barely misses you.
The quokka bites you.
You slash the gnoll!
You kill the gnoll!
You miss the quokka. You hit the gnoll. The gnoll hits you but does no damage.
The quokka barely misses you.
You have reached level 4!
You feel stronger.
You miss the quokka.
The quokka is severely wounded.
You hit the gnoll.
The quokka bites you but does no damage.
The gnoll hits you but does no damage. The gnoll closely misses you.
The quokka completely misses you. The gnoll barely misses you.
The gnoll hits you from afar with a +0 spear.
You hit the gnoll but do no damage.
The gnoll is severely wounded.
You hit the quokka but do no damage.
The quokka bites you but does no damage.
The gnoll hits you from afar with a +0 spear.
The gnoll barely misses you.
935 ||| READING scroll of teleportation.
As you read the scroll of teleportation, it crumbles to dust.
You feel strangely unstable.
The quokka bites you but does no damage.
The gnoll closely misses you. The gnoll hits you with a +0 flail!
You die...

.............#......g.
........<....###......
.................###..
.....>.......####.S.
.............###..#
....##......#....##
### #........##...
##.......## .
........)@#
........rg#
...#.......g#
...#..........
..)......##..
.........# #...
.####..... ... ......
..


You could see 2 gnolls and a quokka.

Vanquished Creatures
  Natasha (D:2)
  A gnoll (D:2)
  2 dart slugs (D:1)
  4 ball pythons (D:1)
  A bat (D:1)
  2 endoplasms (D:1)
  A giant cockroach (D:1)
  6 goblins
  3 hobgoblins
  6 rats
27 creatures vanquished.

Notes
Turn   | Place    | Note
-------+----------+-------------------------------------------
     0 | D:1      | qw the Gargoyle Fighter began the quest for the Orb.
     0 | D:1      | Reached XP level 1. HP: 14/14 MP: 1/1
     0 | D:1      | 0 ||| qw: Version: 0.2-a-123-gb51047a
     0 | D:1      | 0 ||| qw: Game counter: 3808
     0 | D:1      | 0 ||| qw: Always use a shield: true
     0 | D:1      | 0 ||| qw: God list: Okawaru
     0 | D:1      | 0 ||| qw: Allow faded altars: false
     0 | D:1      | 0 ||| qw: Do Orc after D:15 true
     0 | D:1      | 0 ||| qw: Do second Lair branch before Depths: true
     0 | D:1      | 0 ||| qw: Lair rune preference: random
     0 | D:1      | 0 ||| qw: Plans: Normal, Zot:1-4, Slime:5, God:TSO, Crypt,
                  | Tomb, Abyss, Pan, Hells, Win
     0 | D:1      | 0 ||| PLANNING D:1-11
     6 | D:1      | Noticed an iguana
     6 | D:1      | Noticed a water moccasin
     7 | D:1      | Noticed a hound
     7 | D:1      | Noticed a lindwurm
    82 | D:1      | Reached XP level 2. HP: 19/19 MP: 2/2
    84 | D:1      | 84 ||| Stepping ~*~*~tactically~*~*~ (stealth).
   104 | D:1      | 104 ||| FLEEEEING.
   118 | D:1      | 118 ||| Stepping ~*~*~tactically~*~*~ (hiding).
   398 | D:1      | 398 ||| DROPPING +0 club.
   405 | D:1      | 405 ||| Stepping ~*~*~tactically~*~*~ (stealth).
   495 | D:1      | Reached skill level 3 in Axes
   520 | D:1      | Reached XP level 3. HP: 19/23 MP: 3/3
   746 | D:1      | 746 ||| UPGRADING to +0 cloak.
   751 | D:1      | 751 ||| UPGRADING to +2 chain mail of fire resistance.
   761 | D:1      | 761 ||| DROPPING +0 scale mail.
   762 | D:1      | 762 ||| UPGRADING to ring of willpower.
   763 | D:1      | 763 ||| READING 2 scrolls labelled PUSEDE OMYPH.
   767 | D:1      | 767 ||| READING scroll labelled ZYOCEH BINO.
   768 | D:1      | 768 ||| READING scroll labelled DULIUBLAME.
   784 | D:1      | 784 ||| READING scroll labelled GOCSACIHU.
   814 | D:2      | 814 ||| Stepping ~*~*~tactically~*~*~ (hiding).
   815 | D:2      | 815 ||| Stepping ~*~*~tactically~*~*~ (hiding).
   817 | D:2      | 817 ||| Stepping ~*~*~tactically~*~*~ (hiding).
   818 | D:2      | 818 ||| Stepping ~*~*~tactically~*~*~ (hiding).
   819 | D:2      | 819 ||| Stepping ~*~*~tactically~*~*~ (hiding).
   821 | D:2      | 821 ||| Stepping ~*~*~tactically~*~*~ (hiding).
   822 | D:2      | 822 ||| Stepping ~*~*~tactically~*~*~ (hiding).
   866 | D:2      | Noticed Natasha
   867 | D:2      | 867 ||| Stepping ~*~*~tactically~*~*~ (hiding).
   878 | D:2      | Killed Natasha
   887 | D:2      | 887 ||| FLEEEEING.
   894 | D:2      | 894 ||| STAIRDANCE
   920 | D:2      | 920 ||| Stepping ~*~*~tactically~*~*~ (stealth).
   933 | D:2      | Reached XP level 4. HP: 16/28 MP: 4/4
   934 | D:2      | HP: 7/28 [gnoll/+0 spear (3)]
   935 | D:2      | 935 ||| READING scroll of teleportation.
   935 | D:2      | Slain by a gnoll

Levels and vault maps discovered:
D:1:      onia_arrival_zoo_common, layout_basic, chequers_serial_rivers_micro_b
D:2:      layout_rooms, uniq_natasha

Skill      XL: |  1  2 |
---------------+-------+-----
Axes           | 2 3 |  3.9
Fighting       | |  3.2
Armour         | |  3.2
Shields        | |  3.2

Action                     |  1- 3 |  4- 6 || total
---------------------------+-------+-------++-------
  Melee: War axe           |    87 |     2 ||    89
    Use: Scroll            |     4 |     1 ||     5
 Armour: Scale mail        |    40 |       ||    40
         Chain mail        |    12 |     4 ||    16
  Dodge: Dodged            |    33 |     5 ||    38
  Block: Buckler           |    11 |       ||    11

Table legend:
 A = Non-vault XP
 B = Vault XP
 C = Vault XP percentage of total XP
 D = Non-vault monster count
 E = Vault monster count
 F = Vault count percentage of total count
                 A         B        C        D         E       F
            +---------+---------+-------+---------+---------+-------
      Total |      60 |      36 |  37.5 |      26 |       1 |   3.7
            +---------+---------+-------+---------+---------+-------
        D:1 |      40 |       0 |   0.0 |      22 |       0 |   0.0
        D:2 |      20 |      36 |  64.3 |       4 |       1 |  20.0
            +---------+---------+-------+---------+---------+-------
